Map: Port Aleksander LE

Players

WinterSC - Winner!

  • Race: Terran Terran
  • League: Master
  • Spawn Location: 5:00

Flood

  • Race: Zerg Zerg
  • League: Master
  • Spawn Location: 11:00

VOD

Have the link to the VOD?

Description

Time

  • Played on: Dec. 30, 2018, 11:06 p.m.
  • Length: 15:25
Show
View Real Time Build Order
Export as new Build Order

WinterSC Terran - Winner!

Build Orders: Gas First Reaper Expand 

Get SALT Encoding   

  12  0:01  SCV  
  13  0:13  SCV  
  14  0:17  Supply Depot  
  14  0:25  SCV  
  15  0:29  Refinery  
  15  0:39  SCV  
  16  0:46  Barracks  
  16  0:51  SCV  
  17  1:03  SCV  
  18  1:15  SCV  
  19  1:32  Orbital Command  
  19  1:33  Reaper  
  20  1:46  Command Center  
  20  1:58  Factory  
  20  2:02  SCV  
  20  2:08  Refinery  
  21  2:10  Barracks Reactor  
  21  2:15  SCV  
  22  2:21  Supply Depot  
  22  2:27  SCV  
  23  2:43  SCV  
  24  2:46  Starport  
  24  2:56  Hellion x2  
  28  2:58  Barracks Tech Lab  
  28  3:00  Orbital Command  
  28  3:03  SCV  
  29  3:15  SCV  
  30  3:24  Hellion  
  30  3:25  Hellion  
  33  3:27  SCV x2  
  33  3:30  Viking  
  37  3:36  Fusion Core  
  37  3:39  SCV  
  37  3:40  SCV  
  39  3:49  Supply Depot  
  39  3:51  SCV  
  39  3:52  SCV  
  39  3:55  Supply Depot  
  41  4:02  Refinery  
  41  4:10  SCV  
  41  4:11  Hellion  
  41  4:13  SCV  
  41  4:15  Supply Depot  
  45  4:28  Battlecruiser  
  51  4:32  SCV  
  51  4:36  Armory  
  52  4:38  SCV  
  53  4:48  SCV  
  53  4:52  Hellion x2  
  58  4:53  SCV  
  59  5:00  SCV  
  59  5:06  SCV  
  61  5:08  Weapon Refit  
  61  5:12  SCV  
  62  5:18  SCV  
  63  5:22  Command Center  
  63  5:24  SCV  
  70  5:35  Battlecruiser  
  70  5:48  Factory  
  70  6:05  SCV x2  
  70  6:06  Hellion x2  
  70  6:07  Factory  
  76  6:17  SCV x2  
  78  6:24  Terran Vehicle And Ship Armor Level 1  
  78  6:25  Factory, Supply Depot  
  78  6:26  Refinery  
  78  6:27  Supply Depot  
  78  6:30  Supply Depot x2  
  78  6:32  Factory Tech Lab  
  78  6:33  SCV x2  
  80  6:45  SCV  
  81  7:02  SCV  
  81  7:06  Battlecruiser, Factory Tech Lab  
  81  7:07  Orbital Command  
  88  7:09  Hellion x2, SCV  
  88  7:14  SCV  
  94  7:22  Infernal Pre-Igniter  
  94  7:23  SCV  
  94  7:25  Hellion  
  97  7:34  Refinery, Orbital Command  
  97  7:36  SCV  
  98  7:38  Refinery  
  98  7:45  Factory Tech Lab  
  98  7:46  Cyclone, Hellion x2  
  105  7:54  Hellion, SCV  
  105  7:57  SCV  
  107  8:03  Cyclone  
  107  8:04  SCV  
  111  8:06  SCV  
  111  8:07  Hellion  
  111  8:09  SCV  
  115  8:17  Cyclone  
  115  8:18  Cyclone, SCV x2  
  123  8:24  Supply Depot  
  123  8:33  SCV  
  124  8:35  Terran Vehicle And Ship Armor Level 2, SCV  
  125  8:45  Cyclone  
  128  8:49  Siege Tank  
  128  8:54  SCV  
  132  8:56  SCV  
  132  8:59  Supply Depot  
  132  9:00  Supply Depot x2  
  133  9:03  SCV  
  133  9:09  Cyclone  
  133  9:12  Hellion  
  130  9:23  SCV  
  125  9:28  SCV  
  125  9:29  Hellion  
  114  9:34  Cyclone  
  114  9:35  Hellion  
  114  9:37  Hellion  
  120  9:41  SCV x2, Hellion  
  120  9:43  Raven  
  120  9:44  SCV  
  127  9:48  Command Center  
  127  9:50  Hellion  
  129  9:53  SCV  
  129  9:55  Factory  
  129  9:56  Armory  
  129  9:57  Hellion  
  129  9:58  Siege Tank  
  135  10:00  SCV  
  135  10:02  SCV, Command Center  
  135  10:03  Hellion  
  135  10:06  Mag-Field Accelerator  
  135  10:07  Hellion  
  141  10:18  Hellion  
  143  10:23  Hellion  
  143  10:24  Siege Tank  
  144  10:40  Hellion  
  142  10:45  Hellion  
  142  10:46  SCV x2  
  142  10:47  Cyclone, Hellion  
  141  10:56  Hellion  
  140  11:01  Hellion  
  142  11:07  Hellion  
  142  11:09  Cyclone  
  142  11:10  SCV x2  
  146  11:18  Hellion  
  139  11:19  Hellion  
  139  11:22  Hellion  
  143  11:28  Hellion  
  143  11:32  SCV  
  146  11:37  Orbital Command  
  146  11:39  Hellion  
  140  11:40  Refinery  
  140  11:41  Hellion x2  
  140  11:44  Hellion, Refinery  
  135  11:50  SCV x2, Hellion  
  136  12:00  Cyclone  
  134  12:02  Hellion x2, SCV  
  134  12:07  Battlecruiser  
  143  12:09  Factory Tech Lab  
  143  12:10  SCV  
  143  12:11  Hellion  
  143  12:13  SCV  
  143  12:14  SCV  
  143  12:16  SCV  
  143  12:21  Hellion  
  140  12:24  Hellion, Siege Tank  
  145  12:30  Siege Tank  
  145  12:32  Hellion  
  145  12:33  Hellion  
  145  12:34  Terran Vehicle Weapons Level 1, Terran Vehicle And Ship Armor Level 3  
  152  12:38  Engineering Bay  
  152  12:39  SCV  
  152  12:41  SCV  
  152  12:42  Hellion  
  156  12:45  Cyclone  
  156  12:48  Starport  
  159  12:56  Command Center  
  159  12:57  Hellion  
  161  13:04  Widow Mine, Siege Tank  
  155  13:09  Hellion, Siege Tank  
  147  13:12  SCV  
  147  13:18  Hellion x2, SCV  
  146  13:21  SCV  
  146  13:23  Planetary Fortress  
  146  13:26  Hellion  
  149  13:29  SCV  
  149  13:31  Siege Tank  
  153  13:35  Battlecruiser, SCV x2  
  153  13:36  Hellion  
  153  13:39  Hellion  
  153  13:40  Supply Depot  
  165  13:43  Hellion, Supply Depot  
  165  13:46  Supply Depot  
  165  13:48  Siege Tank  
  170  13:57  Hellion, Siege Tank  
  170  13:58  SCV  
  170  14:00  Siege Tank  
  177  14:03  Siege Tank  
  177  14:04  Hellion  
  177  14:05  SCV  
  173  14:18  Hellion  
  173  14:20  Siege Tank  
  164  14:26  Hellion  
  164  14:29  Hellion  
  154  14:33  Hellion  
  154  14:35  Hellion  
  154  14:38  SCV  
  150  14:39  SCV  
  150  14:40  Hellion  
  150  14:42  Planetary Fortress  
  153  14:47  Hellion  
  153  14:51  SCV, Hellion  
  153  14:52  Siege Tank  
  161  14:54  SCV, Hellion  
  161  14:57  SCV  
  174  15:03  SCV  
  174  15:08  SCV  
  174  15:11  SCV x2  
Show
View Real Time Build Order
Export as new Build Order

Flood Zerg 

Build Orders: Hatch First 

Get SALT Encoding   

  12  0:01  Drone  
  13  0:12  Overlord  
  13  0:18  Drone  
  14  0:31  Drone x2  
  14  0:35  Drone  
  17  0:52  Hatchery  
  17  0:56  Drone  
  17  0:59  Drone  
  18  1:10  Extractor  
  17  1:14  Spawning Pool  
  17  1:17  Drone  
  17  1:20  Drone  
  18  1:29  Drone  
  19  1:41  Drone  
  20  2:01  Queen  
  20  2:05  Queen, Zergling x2  
  20  2:06  Zergling x2  
  20  2:07  Drone  
  27  2:18  Hatchery  
  26  2:23  Overlord  
  26  2:28  Metabolic Boost  
  26  2:32  Drone  
  26  2:34  Drone  
  28  2:45  Queen  
  30  2:53  Drone  
  30  2:54  Overlord, Drone  
  30  2:57  Drone  
  33  3:06  Drone  
  33  3:08  Drone x2  
  33  3:12  Queen  
  38  3:25  Overlord  
  38  3:27  Drone x5  
  43  3:33  Baneling Nest  
  42  3:37  Queen  
  44  3:54  Overlord  
  44  3:55  Drone x6  
  50  4:04  Zergling x10, Extractor  
  50  4:05  Zergling x2  
  55  4:14  Drone x2  
  57  4:19  Overlord  
  57  4:22  Drone x5  
  62  4:28  Overlord  
  62  4:29  Baneling x5  
  62  4:37  Queen, Overlord  
  64  4:43  Lair  
  64  4:49  Overlord  
  64  4:50  Queen  
  64  4:52  Drone x2  
  68  4:56  Spore Crawler  
  67  5:01  Overlord  
  67  5:09  Spore Crawler, Drone  
  67  5:10  Spore Crawler, Drone  
  67  5:11  Drone  
  67  5:14  Overlord x2  
  68  5:20  Overlord  
  68  5:25  Drone  
  68  5:26  Drone x6  
  68  5:27  Evolution Chamber  
  74  5:32  Drone x3  
  77  5:41  Queen  
  76  5:42  Spore Crawler x2  
  76  5:46  Drone x5  
  76  5:53  Extractor  
  76  5:55  Hydralisk Den  
  72  6:04  Drone  
  72  6:05  Drone  
  72  6:09  Drone x10  
  84  6:12  Spore Crawler  
  84  6:14  Overlord  
  84  6:16  Drone x2  
  84  6:17  Drone  
  86  6:25  Extractor  
  85  6:26  Grooved Spines  
  85  6:27  Overseer  
  85  6:29  Zerg Missile Weapons Level 1  
  85  6:31  Zergling x10  
  90  6:35  Drone  
  91  6:41  Queen  
  91  6:43  Overlord  
  89  6:51  Hydralisk  
  89  6:52  Hydralisk x5  
  90  7:10  Drone x8  
  98  7:22  Drone x2  
  100  7:23  Drone  
  100  7:25  Drone, Extractor  
  100  7:26  Drone x2  
  103  7:32  Hydralisk x4  
  103  7:33  Hydralisk  
  113  7:38  Queen  
  113  7:40  Centrifical Hooks  
  113  7:42  Roach Warren  
  114  7:49  Overlord  
  114  7:58  Overlord x3  
  114  7:59  Hatchery  
  113  8:06  Overlord  
  113  8:13  Extractor  
  113  8:17  Drone x2  
  113  8:18  Drone x2  
  113  8:19  Drone  
  117  8:23  Muscular Augments, Glial Reconstitution  
  117  8:24  Roach  
  117  8:25  Roach x8  
  135  8:31  Baneling x12  
  135  8:38  Hydralisk  
  135  8:40  Overlord x3  
  137  8:53  Drone  
  138  8:55  Overlord  
  138  8:58  Overlord x2  
  137  9:03  Hydralisk x5  
  135  9:12  Overlord, Hydralisk  
  135  9:13  Hydralisk x2  
  109  9:33  Hydralisk x8  
  109  9:37  Zerg Missile Weapons Level 2  
  117  9:43  Drone x6  
  123  9:45  Drone  
  123  9:50  Queen  
  126  9:56  Infestation Pit  
  125  10:05  Zergling x20  
  135  10:13  Drone x3, Extractor  
  137  10:16  Drone x3, Extractor  
  137  10:20  Overlord  
  139  10:33  Drone x10  
  139  10:35  Pathogen Glands  
  147  10:42  Hydralisk x7  
  125  10:57  Hydralisk  
  125  10:58  Hydralisk x7  
  125  11:08  Queen  
  125  11:11  Roach x5  
  125  11:13  Hydralisk  
  125  11:14  Hydralisk  
  125  11:22  Hydralisk x2  
  105  11:40  Hydralisk x9  
  104  11:56  Hydralisk x6  
  114  12:05  Infestor x3  
  114  12:07  Infestor  
  122  12:18  Hydralisk x3  
  127  12:24  Infestor  
  127  12:25  Infestor  
  131  12:35  Hydralisk x4  
  139  12:41  Hydralisk x2  
  139  12:42  Hydralisk  
  145  12:51  Drone x2  
  147  12:52  Zergling x14  
  125  13:13  Drone x3  
  125  13:14  Drone x3  
  125  13:15  Drone x8  
  125  13:17  Queen  
  135  13:23  Infestor  
  137  13:35  Infestor  
  137  13:36  Infestor  
  141  13:45  Infestor  
  141  13:46  Infestor x3  
  149  13:52  Roach x6  
  155  14:03  Drone x3  
  155  14:08  Hatchery, Drone x2  
  115  14:36  Hydralisk x10  
  105  14:47  Hydralisk x4  
  111  14:54  Zergling x8  
Tags
 
Add a new tag
Caveats
  • Supply blocks, unpowered buildings, or Contaminate may cause inaccurate times.
  • Supply counts are checked every 10 seconds.